 Dungeon Crawl Stone Soup version 0.26.1-11-gd32895ea62 (webtiles) character file.

Game seed: 9101690670274092823

62 DildoBatman the Conjurer (level 4, -4/30 HPs)
             Began as a Formicid Conjurer on May 26, 2021.
             Slain by a worm (5 damage)
             ... on level 2 of the Dungeon.
             The game lasted 00:02:39 (880 turns).

DildoBatman the Conjurer (Formicid Conjurer)         Turns: 880, Time: 00:02:40

Health: -4/30      AC:  2    Str: 12    XL:     4   Next: 28%
Magic:  0/7        EV: 12    Int: 18    God:
Gold:   58         SH:  0    Dex:  9    Spells: 4/7 levels left

rFire    . . .     SeeInvis +   d - +0 club
rCold    . . .     Faith    .   (no shield)
rNeg     . . .     Spirit   +   a - +0 robe
rPois    .         Reflect  .   (helmet unavailable)
rElec    .         Harm     .   (no cloak)
rCorr    .         Rampage  .   (no gloves)
Will     .....                  (no boots)
Stlth    +.........             h - amulet of guardian spirit
HPRegen  0.10/turn              j - ring of attention (curse)
MPRegen  0.10/turn              (no ring)

@: no status effects
A: permanent stasis, dig shafts and tunnels, four strong arms, antennae 3
a: Dig, Shaft Self


You were on level 2 of the Dungeon.
You visited 1 branch of the dungeon, and saw 2 of its levels.

You collected 58 gold pieces.

Inventory:

Hand Weapons
 d - a +0 club (weapon)
Missiles
 b - 38 stones
 i - 13 sling bullets
 m - 8 boomerangs
Armour
 a - a +0 robe (worn)
Jewellery
 h - an amulet of guardian spirit (around neck)
 j - a cursed ring of attention (left hand)
Scrolls
 c - a scroll of amnesia {unknown}
 e - a scroll of identify {unknown}
 f - a scroll of noise {unknown}
 g - a scroll of remove curse {unknown}
Potions
 k - a potion of flight {unknown}
 l - a potion of curing {unknown}


   Skills:
 - Level 1.7 Dodging
 - Level 2.4 Stealth
 - Level 2.1 Spellcasting
 * Level 5.0 Conjurations


You had 4 spell levels left.
You knew the following spells:

 Your Spells              Type           Power        Failure   Level
a - Searing Ray           Conj           40%          3%          2
c - Magic Dart            Conj           80%          2%          1

Your spell library contained the following spells:

 Spells                   Type           Power        Failure   Level
 Dazzling Flash           Conj/Hex       22%          19%         3
 Fulminant Prism          Conj/Hex       5%           54%         4
 Iskenderun's Mystic Bla  Conj/Tloc      11%          54%         4


Dungeon Overview and Level Annotations

Branches:
Dungeon (2/15)

Altars:


Innate Abilities, Weirdness & Mutations

You cannot be hasted, slowed, berserked, paralysed or teleported.
You can dig through walls and to a lower floor.
Your four strong arms can wield two-handed weapons with a shield.
You have a pair of large antennae on your head. (SInv)


Message History

g - Guard the area. f - Follow me.
Anything else - Cancel.
You shout for attention!
The worm barely misses you. What are your orders? t - Shout!
Orders for allies: a - Attack new target. p - Attack previous target. r - Retreat! s - Stop attacking. g - Guard the area. f - Follow me.
Anything else - Cancel.
You shout for attention!
What are your orders? t - Shout!
Orders for allies: a - Attack new target. p - Attack previous target. r - Retreat! s - Stop attacking. g - Guard the area. f - Follow me.
Anything else - Cancel.
You shout for attention!
The worm bites you.
You die...

############
#..........#
#..........#
#..........# #####
#..........# #....
#..........# #.###
#.......<.@# #.#..
#.........w# #.#.#
#.........†##########
#.#..
#..).........w......#
#.#..
#..........########†#
#.#.. #..........#
#.# #.#.#
#..........# #.#
#.#l# #..........##
#.###.#.#
###########.##
##.....#.#


You could see a worm.

Vanquished Creatures
  An iguana (D:2)
  An adder (D:2)
  A dart slug (D:1)
  2 leopard geckos (D:1)
  A bat (D:1)
  3 goblins
  7 hobgoblins
  3 kobolds (D:1)
  A frilled lizard (D:1)
  4 rats (D:1)
24 creatures vanquished.

Notes
Turn   | Place    | Note
-------+----------+-------------------------------------------
     0 | D:1      | DildoBatman the Formicid Conjurer began the quest for the
                  | Orb.
     0 | D:1      | Reached XP level 1. HP: 13/13 MP: 3/3
   122 | D:1      | Reached XP level 2. HP: 15/19 MP: 0/5
   176 | D:1      | Reached skill level 4 in Conjurations
   179 | D:1      | Learned a level 2 spell: Searing Ray
   464 | D:1      | Reached XP level 3. HP: 14/24 MP: 1/6
   777 | D:2      | Found a faded altar of an unknown god.
   856 | D:2      | Reached skill level 5 in Conjurations
   856 | D:2      | Reached XP level 4. HP: 30/30 MP: 3/7
   875 | D:2      | HP: 1/30 [worm (6)]
   880 | D:2      | Slain by a worm

Illustrated notes

Levels and vault maps discovered:
D:1:      erik_arrival_orb_chamber, layout_loops_cross
D:2:      layout_basic, chequers_ecumenical_altar_simple, minmay_snake_closets

Skill      XL: |  1  2  3 |
---------------+----------+-----
Conjurations   | 4 5 |  5.0
Dodging        | |  1.7
Stealth        | |  2.4
Spellcasting   | |  2.1

Action                   |  1- 3 |  4- 6 || total
-------------------------+-------+-------++-------
Melee: Unarmed           |     7 |       ||     7
       Club              |     8 |       ||     8
 Cast: Magic Dart        |    25 |       ||    25
       Searing Ray       |     8 |       ||     8
 Abil: Dig               |     4 |       ||     4
Dodge: Dodged            |    17 |     7 ||    24
